 Dungeon Crawl Stone Soup version 0.29.1-13-g9f3cf754e1 (webtiles) character file.

Game seed: 5881616747196215112

546165 AllIsDust the Axe Maniac (level 24, -2/247 (249) HPs)
             Began as a Minotaur Berserker on Feb 10, 2023.
             Was the Champion of Trog.
             Killed from afar by a rime drake (7 damage)
             ... with a flash freeze
             ... summoned by a white draconian stormcaller
             ... on level 4 of the Depths.
             The game lasted 02:04:18 (49658 turns).

AllIsDust the Axe Maniac (Minotaur Berserker)      Turns: 49658, Time: 02:04:18

HP:   -2/247 (249)  AC: 56    Str: 35    XL:     24   Next: 30%
MP:   19/19         EV:  4    Int: -4    God:    Trog [******]
Gold: 3586          SH: 35    Dex: 12    Spells: 23/23 levels left

rFire   . . .      SeeInvis +   K - +8 broad axe "Keruch" {flame, Int+3}
rCold   + + .      Faith    .   c - +18 shield of the Gong {rElec rN+ Will+ EV-5}
rNeg    + . .      Spirit   .   R - +11 crystal plate armour of the Jabberwock {Fly rC++ rCorr Int-4}
rPois   +          Reflect  .   T - +2 hat {Will+}
rElec   +          Harm     .   d - +2 cloak {rCorr}
rCorr   +          Rampage  .   x - +2 pair of gloves {hurl}
Will    ++++.      Rnd*Tele +   z - +2 pair of boots of the Lion {Regen+ rCorr Str+3 Int-5}
Stlth   ..........              P - amulet of regeneration
HPRegen 0.00/turn               u - ring "Mysug" {Fly rPois}
MPRegen 0.16/turn               m - ring of see invisible

@: on berserk cooldown, flying, inhibited regen, slowed, lost intelligence,
studying Polearms, lightly drained, unable to read, very slow
A: horns 2, retaliatory headbutt, talons 1, thin skeletal structure 1, clumsy 1,
dopey 1, low MP 1, strong-willed 1, inhibited regeneration, teleportitis 1, wild
magic 1
}: 4/15 runes: decaying, slimy, silver, gossamer
a: Renounce Religion, Berserk, Trog's Hand, Brothers in Arms


You were on level 4 of the Depths.
You worshipped Trog.
Trog was exalted by your worship.
You visited 8 branches of the dungeon, and saw 44 of its levels.
You visited the Abyss 2 times.
You also visited: Gauntlet.

You collected 6174 gold pieces.
You spent 2588 gold pieces at shops.

Inventory:

Hand Weapons
 B - a +3 executioner's axe of flaming
 K - the +8 broad axe "Keruch" (weapon) {flame, Int+3}
   (You bought it in a shop on level 11 of the Dungeon)

   It burns those it strikes, dealing additional fire damage.
   Big, fiery blades are also staple armaments of hydra-hunters.
   Int:       It affects your intelligence (+3).
Armour
 c - the +18 shield of the Gong (worn) {rElec rN+ Will+ EV-5}
   (You found it on level 1 of the Vaults)

   It is deafeningly noisy when blocking attacks.
   EV:        It affects your evasion (-5).
   rElec:     It insulates you from electricity.
   rN:        It protects you from negative energy.
   Will:      It increases your willpower.
 d - a +2 cloak of preservation (worn)
 h - the +3 pair of seven-league boots {Rampage+∞}
   (You bought it in a shop on level 4 of the Vaults)

   Its wearer moves as far as possible in that direction when moving towards
   enemies.
 t - the +8 crystal plate armour of the Eye-covered God {Str+4 Dex+4}
   (You found it on level 5 of the Pits of Slime)

   Str:       It affects your strength (+4).
   Dex:       It affects your dexterity (+4).
 x - a +2 pair of gloves of hurling (worn)
 z - the +2 pair of boots of the Lion (worn) {Regen+ rCorr Str+3 Int-5}
   (You found it on level 3 of the Depths)

   Str:       It affects your strength (+3).
   Int:       It affects your intelligence (-5).
   Regen:     It increases your rate of health regeneration.
   rCorr:     It protects you from acid and corrosion.
 A - the +1 kite shield of Cowardice {Rampage Dex+4 Slay+3}
   (You found it on level 10 of the Dungeon)

   Dex:       It affects your dexterity (+4).
   Slay:      It affects your accuracy & damage with ranged weapons and melee
   (+3).
   Rampage:   It bestows one free step when moving towards enemies.
 R - the +11 crystal plate armour of the Jabberwock (worn) {Fly rC++ rCorr Int-4}
   (You took it off a minotaur in a Gauntlet)

   Int:       It affects your intelligence (-4).
   rC:        It greatly protects you from cold.
   Fly:       It grants you flight.
   rCorr:     It protects you from acid and corrosion.
 T - a +2 hat of willpower (worn)
Jewellery
 m - a ring of see invisible (right hand)
 n - an amulet of the acrobat
 p - an amulet of faith
 q - a ring of protection from cold
 u - the ring "Mysug" (left hand) {Fly rPois}
   (You found it on level 3 of the Spider Nest)

   [ring of flight]

   rPois:     It protects you from poison.
   Fly:       It grants you flight.
 v - a ring of positive energy
 w - a ring of protection from cold
 C - the ring of Shadows {Umbra +Inv Stlth+}
   (You found it on level 3 of the Depths)

   [ring of stealth]

   It surrounds you with an aura of shadow, increasing your stealth and reducing
   the accuracy of all others within it.
   +Inv:      It lets you turn invisible.
   Stlth:     It makes you more stealthy.
 M - the ring "Unajeah" {rN+ Str+4 Dex+3}
   (You found it on level 5 of the Lair of Beasts)

   [ring of positive energy]

   Str:       It affects your strength (+4).
   Dex:       It affects your dexterity (+3).
   rN:        It protects you from negative energy.
 P - an amulet of regeneration (around neck)
Wands
 l - a wand of paralysis (3)
 s - a wand of flame (13)
 U - a wand of digging (9)
Scrolls
 b - a scroll of enchant armour
 f - 18 scrolls of teleportation
 g - 2 scrolls of brand weapon
 k - 12 scrolls of fear
 o - a scroll of poison
 y - 8 scrolls of blinking
 D - 9 scrolls of magic mapping
 N - 2 scrolls of enchant weapon
 Q - 4 scrolls of fog
Potions
 a - a potion of magic
 e - 18 potions of curing
 j - 7 potions of resistance
 r - 6 potions of heal wounds
 E - 4 potions of mutation
 X - 4 potions of haste
Miscellaneous
 i - a phial of floods


   Skills:
 O Level 27 Fighting
 O Level 27 Axes
 * Level 26.8 Armour
 - Level 2.1 Dodging
 + Level 26.3 Shields


You had 23 spell levels left.
You didn't know any spells.
Your spell library was empty.

Dungeon Overview and Level Annotations

Branches:
Dungeon (15/15)            Temple (0/1) D:5            Lair (5/5) D:11
  Swamp (4/4) Lair:2       Spider (4/4) Lair:2        Slime (5/5) Lair:5
    Orc (2/2) D:10            Elf (0/3) Orc:2        Vaults (5/5) D:14
  Crypt (0/3) Vaults:2     Depths (4/4) D:15            Zot (0/5) Depths:4
Gauntlet (visited)

Altars:
Dithmenos
Elyvilon
Fedhas
Gozag
Hepliaklqana
Makhleb
Nemelex Xobeh
Okawaru
Ru
Sif Muna
Trog
Uskayaw
Vehumet
Wu Jian
Yredelemnul
The Shining One

Shops:
D:6 :!(*   D:11 (   D:15 (   Orc:2 :?=(   Vaults:4 *[   Vaults:5 ??
Depths:2 [

Portals:
Hell: Depths:1 Depths:2 Depths:3 Depths:4
Abyss: Depths:1 Depths:2 Depths:3 Depths:4
Pandemonium: Depths:2
Ziggurat: Depths:4

Annotations:
Depths:1 3 runed translucent doors


Innate Abilities, Weirdness & Mutations

You have a pair of horns on your head.
You reflexively headbutt those who attack you in melee.
You have sharp toenails.
You have a somewhat thin skeletal structure. (Dex +2, Stealth+)
You are clumsy. (Dex -2)
You are dopey. (Int -2)
Your magical capacity is low. (-10% MP)
You are strong-willed. (Will+)
You do not regenerate when monsters are visible.
You are occasionally teleported next to monsters.
Your spells are a little harder to cast, but a little more powerful.


Message History

You feel very sick.
You feel better.
The death drake bites you but does no damage.
You block the death drake's attack.
PTOANNNG!
You hear a screech! x2
You slice the death drake!! You burn the death drake!
Your headbutt misses the death drake.
The death drake is severely wounded.
You hit the death drake. You burn the death drake.
The death drake bites you but does no damage.
The death drake breathes miasma at you.
The foul vapour engulfs you but does no damage.
Unknown command.
You completely miss the death drake. Your headbutt misses the death drake.
The death drake is severely wounded.
You slash the death drake! You burn the death drake.
You are engulfed in dark miasma.
* * * LOW HITPOINT WARNING * * *
You block the death drake's attack.
BOUMMMMG!
You block the death drake's attack.
PTOANNNG!
The death drake breathes miasma at you.
The foul vapour engulfs you but does no damage.
You hear a shout!
You hear a roar!
You slash the death drake! You burn the death drake.
The death drake is almost dead.
You slash the death drake! You burn the death drake.
You are engulfed in dark miasma.
You feel as though you will be slow longer.
* * * LOW HITPOINT WARNING * * *
You block the death drake's attack.
BOUMMMMG!
You block the death drake's attack.
BONNNG!
You block the death drake's attack.
GONNNNG!
The rime drake breathes ice at you. The flash freeze hits you!
You partially resist.
You die...

).)...........
†)......#.....#. #
..............#<####.
..........#...##....
#...##........#...#
.....#......#.#...#
..............#k°°#
..∩............k°#
............°°#k@#
.....#......#°#°°#
#...##.....°.k#°°#
..........#...#..'
.............k##+#.
........#.....# ..
..........k...# ..
......#...###○#
..........#q#.#


You could see 2 death drakes and a rime drake (summoned, catching breath).

Vanquished Creatures
  the Royal Jelly (Slime:5)
  3 dread liches
  A juggernaut (Depths:1)
  Sojobo (Vaults:4)
  Bai Suzhen (Depths:1)
  the Lernaean hydra (Swamp:4)
  Xtahua (Vaults:2)
  Saint Roka (Vaults:2)
  A caustic shrike (Depths:1)
  4 golden dragons
  the Enchantress (Depths:4)
  A Tzitzimitl (Depths:3)
  Arachne (Spider:2)
  Jorgrun (D:13)
  4 tentacled monstrosities (Vaults:5)
  A lich (Depths:3)
  22 acid blobs
  4 titans (Vaults:5)
  A quicksilver dragon (Vaults:4)
  Asterion (Vaults:2)
  7 sphinxes
  Kirke (Lair:5)
  Roxanne (Spider:2)
  7 tengu reavers
  5 storm dragons
  2 tentacled starspawn
  5 shadow dragons
  16 rockslimes
  A fenstrider witch (Swamp:4)
  15 azure jellies
  10 fire giants
  8 vault wardens
  4 deep elf sorcerers
  8 emperor scorpions
  8 frost giants
  2 orc warlords
  An iron dragon (Vaults:5)
  A draconian shifter (Depths:4)
  4 ghost moths
  5 spriggan defenders
  A caustic shrike skeleton (Abyss:1)
  18 very ugly things
  An ophan (Abyss:1)
  2 war gargoyles (Vaults:5)
  9 quicksilver oozes
  3 ironbound thunderhulks
  A reaper (Depths:2)
  20 stone giants
  2 broodmothers
  22 ironbound preservers
  The ghost of Opsuc the Severer, a journeyman MiBe of Trog (D:14)
  3 eleionomae
  15 dire elephants
  Nessos (D:14)
  2 deep elf annihilators
  A black draconian (Depths:4)
  5 entropy weavers
  6 vampire knights
  3 green draconians (Depths:4)
  A bunyip (shapeshifter) (Vaults:5)
  The ghost of ababab the Jinx, a journeyman FeEn of Dithmenos (Spider:3)
  A bunyip (Swamp:3)
  A minotaur (Gauntlet)
  Azrael (D:14)
  14 spark wasps
  5 ettins
  A merfolk javelineer (Depths:1)
  A deep elf death mage (Vaults:1)
  17 yaktaur captains
  A crystal guardian (Vaults:4)
  An eidolon (Vaults:2)
  2 shambling mangroves (Swamp:4)
  13 great orbs of eyes
  A deep elf high priest (Vaults:5)
  8 fire dragons
  4 rakshasas
  25 vault guards
  2 ice dragons
  A ghost crab (Swamp:3)
  4 ogre magi
  19 hydras
  8 boulder beetles
  5 jorogumos
  11 alligators
  A catoblepas (D:15)
  A naga warrior (Abyss:3)
  A peacekeeper (Vaults:4)
  14 centaur warriors
  A death knight (D:14)
  4 radroaches
  5 ironbound frosthearts
  8 spriggan air magi
  9 two-headed ogres
  7 death yaks
  A dancing weapon (Vaults:5)
  3 death scarabs
  A tengu warrior (Depths:1)
  6 deep troll earth magi
  A spectral dire elephant (Lair:5)
  5 orc high priests (Orc:2)
  A hell hog (Abyss:3)
  7 deep troll shamans
  Sonja (D:11)
  2 thrashing horrors
  Urug (Orc:2)
  2 vampire magi (Depths:3)
  6 spriggan berserkers
  4 soul eaters
  3 spriggans
  13 hell knights
  4 wretched stars (Abyss:3)
  8 sun demons
  3 skeletal warriors (D:13)
  A spectral death yak (Gauntlet)
  4 sun moths
  The ghost of crompyre the Fighter, a novice DjFE of Makhleb (D:7)
  6 pharaoh ants
  5 iron trolls
  77 deep trolls
  2 spriggan druids
  7 glowing orange brains
  7 shadow wraiths (Depths:3)
  A flayed ghost (Depths:1)
  9 goliath frogs
  A spectral anaconda (Lair:5)
  A spatial maelstrom (Abyss:3)
  3 shadow demons (Depths:3)
  5 steelbarb worms
  11 orb spiders
  12 swamp dragons
  An obsidian statue (Lair:5)
  17 bog bodies
  26 ironbound convokers
  11 lindwurms
  3 tengu zombies (Vaults:2)
  4 harpies (Vaults:1)
  2 deep elf zephyrmancers (D:15)
  A mana viper (shapeshifter) (D:14)
  2 phantasmal warriors
  23 wolf spiders
  8 wizards
  A wolf spider zombie (D:15)
  3 deep elf pyromancers
  16 orc knights
  14 necromancers
  A salamander (Abyss:3)
  A frost giant zombie (Vaults:2)
  3 orc sorcerers
  4 will-o-the-wisps
  6 shining eyes
  29 ugly things
  A worldbinder (Abyss:1)
  5 moths of wrath
  16 elephants (Lair:5)
  4 cyclopes
  A human skeleton (Vaults:2)
  A smoke demon (Depths:3)
  2 dire elephant zombies (Lair:5)
  A torpor snail (Spider:4)
  A guardian serpent (Abyss:3)
  A naga mage (D:15)
  A water nymph (shapeshifter) (Depths:3)
  A naga skeleton (Abyss:3)
  15 vault sentinels
  10 black mambas
  2 eyes of devastation
  2 unseen horrors
  A centaur skeleton (D:15)
  Maggie (D:6)
  Psyche (D:8)
  The ghost of Quickbrownfox the Chiller, a novice DsIE of Vehumet (D:5)
  2 human zombies (Vaults:2)
  9 cane toads
  A komodo dragon (shapeshifter) (Gauntlet)
  A hellion (Gauntlet)
  2 ice devils (Lair:4)
  2 rime drakes
  2 tengu conjurers (D:15)
  6 komodo dragons
  30 yaktaurs
  3 freezing wraiths (D:14)
  3 kobold demonologists
  3 demonic crawlers
  2 merfolk (shapeshifter)
  A bloated husk (Swamp:3)
  3 meliai (Spider:2)
  A red devil (Abyss:3)
  11 trolls
  The ghost of mindfreak the Chopper, an amateur MiGl (D:4)
  2 polar bears
  A polar bear (shapeshifter) (D:15)
  A tyrant leech (shapeshifter) (Depths:1)
  11 tyrant leeches
  A spectral dream sheep (Gauntlet)
  31 tarantellas
  A tarantella (shapeshifter) (D:15)
  7 blink frogs
  5 hornets
  22 jumping spiders
  118 slime creatures
  5 starcursed masses (Abyss:1)
  23 culicivoras
  A centaur simulacrum (D:12)
  5 wyverns
  A ynoxinul (Abyss:1)
  5 water elementals (Depths:1)
  7 wraiths
  A fire bat (Abyss:3)
  2 shadows
  45 yaks
  A culicivora (shapeshifter) (D:14)
  2 fire elementals (D:14)
  4 golden eyes (Slime:1)
  2 neqoxecs (Gauntlet)
  A fire bat (shapeshifter) (D:14)
  A hog (shapeshifter) (D:13)
  A death yak simulacrum (Lair:5)
  7 basilisks
  5 hogs (Lair:5)
  5 chaos spawn
  76 redbacks
  A steam dragon (D:9)
  12 vampire mosquitoes
  2 spectral cane toads (Gauntlet)
  A swamp worm (shapeshifter) (Vaults:5)
  2 large abominations (Abyss:1)
  4 wargs
  Edmund (D:6)
  2 acid dragons
  22 swamp worms
  15 water moccasins
  3 hell hounds (D:14)
  2 floating eyes
  11 swamp drakes
  4 ice beasts
  47 orc warriors
  2 black bears
  A sky beast (D:7)
  12 ogres
  A boggart (shapeshifter) (D:14)
  20 boggarts
  11 wolves
  An elephant skeleton (Lair:5)
  3 phantoms
  8 centaurs
  A tengu (shapeshifter) (Gauntlet)
  3 kobold brigands
  14 bullfrogs
  2 small abominations (Abyss:1)
  2 necrophages
  2 scorpions (D:6)
  2 cane toad simulacra (Lair:5)
  A gnoll sergeant (D:11)
  8 wights
  A hornet simulacrum (D:14)
  8 killer bees
  An elephant simulacrum (Lair:5)
  6 howler monkeys
  3 electric eels
  A hound (D:7)
  An iron imp (Abyss:1)
  5 jellies
  A gnoll bouda (D:7)
  37 orc priests
  5 iguanas
  A boggart zombie (D:15)
  24 orc wizards
  Robin (D:3)
  15 gnolls
  11 adders
  3 shadow imps
  4 white imps
  3 ufetubi
  2 dart slugs
  94 orcs
  5 ball pythons
  9 endoplasms
  3 giant cockroaches
  21 goblins
  7 hobgoblins
  4 jackals (D:3)
  25 kobolds
  3 quokkas
  5 bats
  4 frilled lizards
  8 rats
  A starspawn tentacle (Abyss:1)
1975 creatures vanquished.

Vanquished Creatures (collateral kills)
  An acid blob (Slime:5)
  A fire giant (Vaults:5)
  A rockslime (Slime:5)
  An iron dragon (Vaults:5)
  2 vault wardens (Vaults:5)
  2 great orbs of eyes (Slime:5)
  A deep troll shaman (Depths:1)
  The ghost of ripuliukko the Geomancer, a novice GrEE (D:8)
  A phantasmal warrior (Vaults:5)
  An ugly thing (Vaults:5)
  3 vault sentinels (Vaults:5)
  An eye of devastation (Slime:5)
  A yaktaur (Vaults:4)
  A slime creature (Slime:5)
  2 orc warriors (D:8)
  An orc priest (Orc:2)
  An orc (Orc:2)
  A kobold (D:8)
23 creatures vanquished.

Vanquished Creatures (others)
  A fire giant (Depths:3)
  A very ugly thing (Vaults:4)
  A bunyip (Swamp:3)
  A hydra (Swamp:3)
  A two-headed ogre (D:7)
  A torpor snail (Spider:3)
  6 bloated husks
  A redback (Spider:3)
  An orc warrior (D:7)
  A howler monkey (D:7)
  An orc priest (Vaults:5)
  An orc (Vaults:5)
  14 foxfires
  25 fungi
  40 plants
  6 starspawn tentacles
  20 withered plants
122 creatures vanquished.

Grand Total: 2120 creatures vanquished

Notes
Turn   | Place    | Note
-------+----------+-------------------------------------------
     0 | D:1      | AllIsDust the Minotaur Berserker began the quest for the
                  | Orb.
     0 | D:1      | Reached XP level 1. HP: 19/19 MP: 0/0
   196 | D:1      | Reached XP level 2. HP: 27/27 MP: 1/1
   339 | D:1      | Reached XP level 3. HP: 34/34 MP: 2/2
   398 | D:1      | Reached ** piety under Trog
  1190 | D:2      | Reached XP level 4. HP: 38/41 MP: 3/3
  1193 | D:2      | Reached skill level 5 in Axes
  1564 | D:3      | Reached skill level 5 in Fighting
  1835 | D:3      | Found a faded altar of an unknown god.
  1855 | D:3      | Noticed Robin
  1864 | D:3      | Killed Robin
  1864 | D:3      | Reached *** piety under Trog
  1878 | D:3      | Reached XP level 5. HP: 43/48 MP: 4/4
  1886 | D:3      | Found a hide-covered altar of Uskayaw.
  2189 | D:3      | Found a white marble altar of Elyvilon.
  2938 | D:4      | Found a runed translucent door.
  2944 | D:4      | Noticed mindfreak's ghost (amateur MiGl)
  2954 | D:4      | Killed mindfreak's ghost
  2955 | D:4      | Reached XP level 6. HP: 57/57 MP: 5/5
  3085 | D:4      | Found an iron altar of Okawaru.
  3116 | D:4      | Found an opulent altar of Gozag.
  3229 | D:4      | Found a basalt altar of Yredelemnul.
  3236 | D:4      | Reached XP level 7. HP: 43/63 MP: 6/6
  3402 | D:5      | Entered Level 5 of the Dungeon
  3493 | D:5      | Found a burning altar of Makhleb.
  3568 | D:5      | Found a blossoming altar of Fedhas.
  3599 | D:5      | Reached skill level 5 in Armour
  3605 | D:5      | Reached XP level 8. HP: 11/71 MP: 7/7
  4033 | D:5      | Found a runed translucent gate.
  4033 | D:5      | Found a runed translucent gate.
  4033 | D:5      | Noticed Quickbrownfox's ghost (novice DsIE)
  4034 | D:5      | Found a runed translucent gate.
  4049 | D:5      | Killed Quickbrownfox's ghost
  4101 | D:5      | Found a staircase to the Ecumenical Temple.
  4278 | D:5      | Reached skill level 10 in Axes
  4532 | D:6      | Noticed Edmund
  4542 | D:6      | Killed Edmund
  4998 | D:6      | Reached XP level 9. HP: 79/80 MP: 8/8
  5078 | D:6      | Reached **** piety under Trog
  5150 | D:6      | Found Aqecy's Antique Weapon Shoppe.
  5249 | D:6      | Bought a runed war axe for 214 gold pieces
  5261 | D:6      | Found Jutudgh's General Store.
  5262 | D:6      | Noticed Maggie
  5282 | D:6      | Killed Maggie
  5493 | D:6      | Bought a +0 pair of boots for 63 gold pieces
  5622 | D:6      | Found Voq May's Book Boutique.
  5627 | D:6      | Found Jopharphu's Distillery.
  6007 | D:7      | Found a transporter.
  6008 | D:7      | Noticed a two-headed ogre
  6020 | D:7      | Noticed crompyre's ghost (novice DjFE)
  6074 | D:7      | Found a transporter.
  6265 | D:7      | Found a sacrificial altar of Ru.
  6403 | D:7      | Found a transporter.
  6495 | D:7      | Found a transporter.
  6519 | D:7      | Noticed a kobold demonologist
  6715 | D:7      | Found a hazy altar of Hepliaklqana.
  7066 | D:8      | Found a transporter.
  7080 | D:8      | Reached skill level 10 in Armour
  7096 | D:8      | Noticed a two-headed ogre
  7106 | D:8      | Found a transporter.
  7106 | D:8      | Noticed ripuliukko's ghost (novice GrEE)
  7109 | D:8      | Noticed a moth of wrath
  7200 | D:8      | Found a bloodstained altar of Trog.
  7337 | D:8      | Noticed Psyche
  7343 | D:8      | Killed Psyche
  7344 | D:8      | Reached XP level 10. HP: 90/90 MP: 9/9
  7542 | D:8      | Found an ornate altar of the Wu Jian Council.
  7936 | D:7      | Killed a two-headed ogre
  7937 | D:7      | Killed crompyre's ghost
  8304 | D:8      | Killed a moth of wrath
  8307 | D:8      | Killed ripuliukko's ghost
  8314 | D:8      | Killed a two-headed ogre
  9021 | D:9      | Reached XP level 11. HP: 99/99 MP: 10/10
  9150 | D:10     | Entered Level 10 of the Dungeon
  9191 | D:10     | Identified the +1 kite shield of Cowardice {Rampage Dex+4
                  | Slay+3}
  9394 | D:10     | Reached skill level 10 in Fighting
  9468 | D:10     | Noticed a two-headed ogre
  9474 | D:10     | Killed a two-headed ogre
  9592 | D:10     | Found a shimmering blue altar of Sif Muna.
  9849 | D:10     | Found a sparkling altar of Nemelex Xobeh.
  9967 | D:10     | Reached ***** piety under Trog
 10068 | D:10     | Found a staircase to the Orcish Mines.
 10343 | Orc:1    | Entered Level 1 of the Orcish Mines
 10356 | Orc:1    | Reached skill level 1 in Shields
 10434 | Orc:2    | Entered Level 2 of the Orcish Mines
 10434 | Orc:2    | Noticed Urug
 10449 | Orc:2    | Killed Urug
 10495 | Orc:2    | Found a radiant altar of Vehumet.
 10506 | Orc:2    | Noticed an orc knight
 10509 | Orc:2    | Noticed an orc sorcerer
 10520 | Orc:2    | Killed an orc knight
 10523 | Orc:2    | Killed an orc sorcerer
 10880 | Orc:1    | Found a burning altar of Makhleb.
 10892 | Orc:1    | Reached skill level 15 in Axes
 10892 | Orc:1    | Noticed an orc knight
 10904 | Orc:1    | Noticed an orc sorcerer
 10908 | Orc:1    | Killed an orc knight
 10912 | Orc:1    | Killed an orc sorcerer
 11507 | Orc:2    | Received a gift from Trog
 11925 | Orc:2    | Reached XP level 12. HP: 94/110 MP: 8/11
 12158 | Orc:2    | Noticed an orc high priest
 12173 | Orc:2    | Killed an orc high priest
 12490 | Orc:2    | Noticed an orc high priest
 12497 | Orc:2    | Noticed an orc high priest
 12499 | Orc:2    | Noticed an orc high priest
 12499 | Orc:2    | Noticed an orc high priest
 12509 | Orc:2    | HP: 5/110 [orc high priest/divine providence (8)]
 12811 | Orc:2    | Killed an orc high priest
 12979 | Orc:2    | Killed an orc high priest
 12993 | Orc:2    | Found a staircase to the Elven Halls.
 13209 | Orc:2    | Reached skill level 15 in Armour
 13701 | Orc:2    | Killed an orc high priest
 13708 | Orc:2    | Killed an orc high priest
 14146 | Orc:2    | Found Xyarelao's Weapon Boutique.
 14149 | Orc:2    | Found Xoah's Magic Scroll Boutique.
 14150 | Orc:2    | Found Wauloss's Book Boutique.
 14151 | Orc:2    | Found Suobess's Jewellery Shop.
 14368 | D:11     | Noticed an eight-headed hydra
 14381 | D:11     | Killed a 16-headed hydra
 14382 | D:11     | Reached skill level 5 in Shields
 14420 | D:11     | Noticed Sonja
 14424 | D:11     | HP: 3/113 [troll (3)]
 14766 | D:11     | You fall into a shaft and drop 3 floors!
 14821 | D:14     | Reached XP level 13. HP: 119/119 MP: 12/12
 15231 | D:12     | Reached XP level 14. HP: 104/129 MP: 9/13
 15342 | D:11     | Found a staircase to the Lair.
 15349 | Lair:1   | Entered Level 1 of the Lair of Beasts
 16412 | Lair:2   | Found a staircase to the Swamp.
 16736 | Lair:2   | Found a hole to the Spider Nest.
 18500 | Lair:4   | Received a gift from Trog
 20401 | Lair:5   | Entered Level 5 of the Lair of Beasts
 20615 | Lair:5   | Reached XP level 15. HP: 108/139 MP: 14/14
 20748 | Lair:5   | Found a staircase to the Slime Pits.
 20971 | Lair:5   | Reached skill level 15 in Fighting
 20980 | Lair:5   | Reached skill level 10 in Shields
 20983 | Lair:5   | Noticed Kirke
 20988 | Lair:5   | Received a gift from Trog
 20999 | Lair:5   | Killed Kirke
 21974 | Lair:5   | Identified the ring "Unajeah" {rN+ Str+4 Dex+3}
 23003 | D:11     | Found Becre's Weapon Shop.
 23006 | D:11     | Bought the +8 broad axe "Keruch" {flame, Int+3} for 726
                  | gold pieces
 23181 | Abyss:1  | Cast into level 1 of the Abyss (Sonja)
 23293 | Abyss:1  | HP: 5/143 [cyan very ugly thing (20)]
 23342 | Abyss:1  | Noticed a tentacled starspawn
 23353 | Abyss:1  | Killed a tentacled starspawn
 23591 | D:11     | Escaped the Abyss
 23592 | D:11     | Killed Sonja
 24390 | D:12     | Identified the +4 falchion "Caujys" {venom, MP-9 Int+8}
 24517 | D:12     | Identified the +4 sling "Yhaturin" {flame, Str+2}
 25490 | D:13     | Noticed Jorgrun
 25502 | D:13     | Killed Jorgrun
 25514 | D:13     | Identified a scroll of acquirement
 25514 | D:13     | Acquired a +2 cloak of preservation
 25739 | D:14     | Noticed Azrael
 25748 | D:14     | Reached XP level 16. HP: 152/152 MP: 15/15
 25755 | D:14     | Killed Azrael
 25929 | D:14     | Found a gate to the Vaults.
 25961 | D:14     | Found a runed translucent door.
 26233 | D:14     | Noticed Nessos
 26251 | D:14     | Killed Nessos
 26593 | D:14     | Noticed Opsuc's ghost (journeyman MiBe)
 26609 | D:14     | Killed Opsuc's ghost
 26619 | D:14     | Gained mutation: Your magical capacity is low. (-10% MP)
                  | [potion of mutation]
 26619 | D:14     | Gained mutation: You are robust. (+10% HP) [potion of
                  | mutation]
 26665 | D:15     | Entered Level 15 of the Dungeon
 26728 | D:15     | Paralysed by something for 2 turns
 26826 | D:15     | Found a gate leading to a gauntlet.
 26835 | Gauntlet | Entered a Gauntlet
 26835 | Gauntlet | Found a transporter.
 26842 | Gauntlet | Found a transporter.
 26846 | Gauntlet | Found a transporter.
 26850 | Gauntlet | Found a runed translucent door.
 26850 | Gauntlet | Found a runed translucent door.
 26854 | Gauntlet | Found a transporter.
 26858 | Gauntlet | Found a transporter.
 26866 | Gauntlet | Found a transporter.
 26870 | Gauntlet | Found a transporter.
 26878 | Gauntlet | Found a transporter.
 26882 | Gauntlet | Found a transporter.
 26898 | Gauntlet | Found a transporter.
 26911 | Gauntlet | Found a transporter.
 26923 | Gauntlet | Found a transporter.
 26936 | Gauntlet | Found a transporter.
 26949 | Gauntlet | Found a transporter.
 27128 | Gauntlet | Gained mutation: You occasionally lose the ability to read
                  | scrolls when taking damage. [a neqoxec]
 27235 | Gauntlet | Identified the +11 crystal plate armour of the Jabberwock
                  | {Fly rC++ rCorr Int-4}
 27677 | Abyss:3  | Cast into level 3 of the Abyss (a wizard)
 27985 | Abyss:3  | Noticed a tentacled starspawn
 27989 | Abyss:3  | Killed a tentacled starspawn
 28007 | Abyss:3  | Lost intelligence.
 28049 | D:15     | Escaped the Abyss
 28081 | D:15     | Reached ****** piety under Trog
 28143 | D:15     | Found a staircase to the Depths.
 28168 | D:15     | Found Vamiam's Weapon Boutique.
 28540 | Spider:1 | Entered Level 1 of the Spider Nest
 28721 | Spider:1 | Reached XP level 17. HP: 182/182 MP: 14/14
 29706 | Spider:2 | Noticed Roxanne
 29725 | Spider:2 | Killed Roxanne
 30022 | Spider:2 | Received a gift from Trog
 30044 | Spider:2 | Noticed Arachne
 30056 | Spider:2 | Killed Arachne
 30992 | Spider:3 | Identified the +11 flail "Siceahir" {freeze, Dex+3}
 31003 | Spider:3 | Found a runed translucent door.
 31004 | Spider:3 | Noticed ababab's ghost (journeyman FeEn)
 31089 | Spider:3 | Received a gift from Trog
 31450 | Spider:3 | Killed ababab's ghost
 31455 | Spider:3 | Identified the ring "Mysug" {Fly rPois}
 31471 | Spider:4 | Entered Level 4 of the Spider Nest
 31538 | Spider:4 | Reached skill level 15 in Shields
 31550 | Spider:4 | Reached XP level 18. HP: 191/200 MP: 15/15
 31644 | Spider:4 | Received a gift from Trog
 31705 | Spider:4 | Got a gossamer rune of Zot
 33030 | D:6      | Bought a scroll of enchant armour for 105 gold pieces
 33375 | Vaults:1 | Entered Level 1 of the Vaults
 33978 | Vaults:1 | Received a gift from Trog
 34350 | Vaults:1 | Found the +18 shield of the Gong {rElec rN+ Will+ EV-5}
 34455 | Vaults:2 | Noticed Saint Roka
 34471 | Vaults:2 | Killed Saint Roka
 34543 | Vaults:2 | Noticed Asterion
 34545 | Vaults:2 | Received a gift from Trog
 34554 | Vaults:2 | Reached XP level 19. HP: 212/212 MP: 16/16
 34565 | Vaults:2 | Noticed Xtahua
 34587 | Vaults:2 | Killed Xtahua
 34588 | Vaults:2 | Killed Asterion
 35198 | Vaults:2 | Received a gift from Trog
 35669 | Vaults:2 | Found a staircase to the Crypt.
 35963 | Vaults:3 | Received a gift from Trog
 37058 | Vaults:4 | Reached XP level 20. HP: 217/226 MP: 17/17
 37131 | Vaults:4 | Identified the +3 war axe "Lielott" {vorpal, rN+ Str+2}
                  | (Trog gifted it to you on level 4 of the Vaults)
 37131 | Vaults:4 | Received a gift from Trog
 37431 | Vaults:4 | Noticed Sojobo
 37435 | Vaults:4 | Paralysed by an air elemental for 1 turns
 37442 | Vaults:4 | Paralysed by an air elemental for 1 turns
 37447 | Vaults:4 | Killed Sojobo
 37495 | Vaults:4 | Found Matuoger's Assorted Antiques.
 37558 | Vaults:4 | Found Cemp's Antique Armour Boutique.
 37567 | Vaults:4 | Bought the +3 pair of seven-league boots {Rampage+∞} for
                  | 1480 gold pieces
 37567 | Vaults:4 | Found the +3 pair of seven-league boots {Rampage+∞}
 38348 | Vaults:5 | Entered Level 5 of the Vaults
 38350 | Vaults:5 | Noticed a dread lich
 38365 | Vaults:5 | Received a gift from Trog
 38366 | Vaults:5 | Noticed a golden dragon
 38375 | Vaults:5 | Killed a dread lich
 38393 | Vaults:5 | Killed a golden dragon
 38563 | Vaults:5 | Noticed a dread lich
 38575 | Vaults:5 | Noticed a dread lich
 38580 | Vaults:5 | Killed a dread lich
 38590 | Vaults:5 | Reached XP level 21. HP: 236/236 MP: 17/17
 38609 | Vaults:4 | Killed a dread lich
 38609 | Vaults:4 | Received a gift from Trog
 38757 | Vaults:5 | Noticed a golden dragon
 38902 | Vaults:5 | Noticed a golden dragon
 38910 | Vaults:5 | Received a gift from Trog
 38922 | Vaults:5 | Killed a golden dragon
 38939 | Vaults:5 | Killed a golden dragon
 39194 | Vaults:5 | Identified the +6 shortbow of Qazlal's Esteem {vorpal, rC-
                  | Int+2 Dex+7}
 39252 | Vaults:5 | Got a silver rune of Zot
 39268 | Vaults:5 | Found Qemov's Magic Scroll Shop.
 39346 | Vaults:5 | Identified the +9 war axe of Winter {antimagic, rC++}
 39704 | Vaults:5 | Found Gohixtaomy's Magic Scroll Shoppe.
 40006 | Depths:1 | Entered Level 1 of the Depths
 40006 | Depths:1 | Found the +5 glaive of the Guard {elec, spectral, AC+5}
 40173 | Swamp:1  | Entered Level 1 of the Swamp
 40602 | Swamp:2  | Received a gift from Trog
 41091 | Swamp:3  | Reached skill level 27 in Axes
 41682 | Swamp:4  | Entered Level 4 of the Swamp
 41741 | Swamp:4  | Noticed the 27-headed Lernaean hydra
 41743 | Swamp:4  | Reached XP level 22. HP: 248/248 MP: 18/18
 41749 | Swamp:4  | Received a gift from Trog
 41755 | Swamp:4  | Killed the 22-headed Lernaean hydra
 41923 | Swamp:4  | Got a decaying rune of Zot
 42351 | Slime:1  | Entered Level 1 of the Pits of Slime
 43096 | Slime:2  | You are sucked into a shaft and drop 1 floor!
 43140 | Slime:3  | Received a gift from Trog
 43176 | Slime:3  | Lost mutation: You are robust. (+10% HP) [a shining eye]
 43181 | Slime:3  | Gained mutation: You are occasionally teleported next to
                  | monsters. [a shining eye]
 44597 | Slime:5  | Entered Level 5 of the Pits of Slime
 44622 | Slime:5  | Gained mutation: You are dopey. (Int -2) [a shining eye]
 44631 | Slime:5  | Gained mutation: You are frail. (-10% HP) [a shining eye]
 44633 | Slime:5  | Gained mutation: You are weak. (Str -2) [a shining eye]
 44646 | Slime:5  | Noticed the Royal Jelly
 44654 | Slime:5  | Lost mutation: You occasionally lose the ability to read
                  | scrolls when taking damage. [a shining eye]
 44658 | Slime:5  | Gained mutation: You are clumsy. (Dex -2) [a shining eye]
 44773 | Slime:5  | Lost intelligence.
 44773 | Slime:5  | Gained mutation: You are very dopey. (Int -4) [a shining
                  | eye]
 44774 | Slime:5  | Gained mutation: You are very clumsy. (Dex -4) [a shining
                  | eye]
 44777 | Slime:5  | Received a gift from Trog
 44801 | Slime:5  | Killed the Royal Jelly
 44802 | Slime:5  | HP: 6/310 [disintegration (12)]
 45113 | Slime:5  | Identified the +8 crystal plate armour of the Eye-covered
                  | God {Str+4 Dex+4}
 45171 | Slime:5  | Got a slimy rune of Zot
 45182 | Slime:5  | Identified the +2 trident of the Sybil {holy, rElec rPois
                  | rF++ Will-}
 45213 | Slime:5  | Identified the +9 rapier "Xyadoah" {flame, rC- Int+4 Dex+3}
 45748 | Depths:1 | Noticed a golden dragon
 45751 | Depths:1 | Identified the +1 robe "Rymeegat" {+Inv rCorr Int+5 Dex-2}
 45752 | Depths:1 | Identified the +9 long sword "Gocwawul" {spect, rN+}
 45761 | Depths:1 | Reached XP level 23. HP: 215/215 MP: 19/19
 45784 | Depths:1 | Found a runed translucent gate.
 45784 | Depths:1 | Found a runed translucent gate.
 45784 | Depths:1 | Found a runed translucent gate.
 45919 | Depths:1 | Reached skill level 27 in Fighting
 45944 | Depths:1 | Received a gift from Trog
 45949 | Depths:1 | Noticed Bai Suzhen
 45959 | Depths:1 | Killed Bai Suzhen
 45965 | Depths:1 | Paralysed by a floating eye for 4 turns
 45994 | Depths:1 | Noticed a caustic shrike
 46006 | Depths:1 | Killed a caustic shrike
 46119 | Depths:1 | Noticed a juggernaut
 46135 | Depths:1 | Killed a juggernaut
 46231 | Depths:1 | Found the +9 staff of Olgreb {rPois∞}
 46547 | Depths:1 | Found a one-way gate to the infinite horrors of the Abyss.
 46584 | Depths:1 | Found a gateway to Hell.
 46587 | Depths:1 | Identified the +0 long sword "Betzakaps" {vorpal, *Corrode
                  | rElec Int+7 Stlth-}
 46694 | Depths:1 | Found a glowing golden altar of the Shining One.
 46801 | Depths:1 | Identified the +0 pair of boots "Isalit" {Dex+2}
 46826 | Depths:1 | Identified the +6 shortbow of Syoqoula {freeze, rCorr
                  | Str+4}
 46838 | Depths:1 | Identified the +1 robe of the Tundras {Drain rC- Int+9
                  | SInv}
 47012 | Depths:1 | Found a runed translucent gate.
 47012 | Depths:1 | Found a runed translucent gate.
 47012 | Depths:1 | Found a runed translucent gate.
 47141 | Depths:1 | Received a gift from Trog
 47232 | Depths:2 | Found Doduges's Antique Armour Boutique.
 47672 | Depths:2 | Found a transporter.
 47681 | Depths:2 | Found a radiant altar of Vehumet.
 47781 | Depths:2 | Found a one-way gate leading to the halls of Pandemonium.
 48317 | Depths:2 | Found a transporter.
 48363 | Depths:3 | Paralysed by a floating eye for 2 turns
 48632 | Depths:3 | Reached XP level 24. HP: 190/224 MP: 19/19
 48636 | Depths:3 | Received a gift from Trog
 48944 | Depths:3 | Found a shadowy altar of Dithmenos.
 48944 | Depths:3 | Found the +2 cloak of the Thief {*Fog Slay-2 SInv Stlth+}
 48945 | Depths:3 | Found the ring of Shadows {Umbra +Inv Stlth+}
 48959 | Depths:3 | Identified the +2 pair of boots of the Lion {Regen+ rCorr
                  | Str+3 Int-5}
 48967 | Depths:3 | Identified the +2 leather armour of the Lute {Str+6 Int-3
                  | Dex+3}
 48992 | Depths:3 | Lost mutation: You are frail. (-10% HP) [potion of
                  | mutation]
 48992 | Depths:3 | Lost mutation: You are weak. (Str -2) [potion of mutation]
 48992 | Depths:3 | Lost mutation: You are very clumsy. (Dex -4) [potion of
                  | mutation]
 48992 | Depths:3 | Gained mutation: You are strong-willed. (Will+) [potion of
                  | mutation]
 48992 | Depths:3 | Gained mutation: Your natural rate of healing is unusually
                  | fast. [potion of mutation]
 48992 | Depths:3 | Gained mutation: Your magical capacity is very low. (-20%
                  | MP) [potion of mutation]
 48992 | Depths:3 | Gained mutation: You have a somewhat thin skeletal
                  | structure. (Dex +2, Stealth+) [potion of mutation]
 48993 | Depths:3 | Lost mutation: You are very dopey. (Int -4) [potion of
                  | mutation]
 48993 | Depths:3 | Lost mutation: Your natural rate of healing is unusually
                  | fast. [potion of mutation]
 48993 | Depths:3 | Lost mutation: Your magical capacity is very low. (-20% MP)
                  | [potion of mutation]
 48993 | Depths:3 | Gained mutation: You do not regenerate when monsters are
                  | visible. [potion of mutation]
 48993 | Depths:3 | Gained mutation: Your spells are a little harder to cast,
                  | but a little more powerful. [potion of mutation]
 48993 | Depths:3 | Gained mutation: You have sharp toenails. [potion of
                  | mutation]
 49159 | Depths:4 | Entered Level 4 of the Depths
 49259 | Depths:4 | Noticed the Enchantress
 49285 | Depths:4 | Killed the Enchantress
 49538 | Depths:4 | Found a one-way gateway to a ziggurat.
 49586 | Depths:4 | Found a gate to the Realm of Zot.
 49658 | Depths:4 | HP: 5/247 [death drake][a white draconian stormcaller] (8)]
 49658 | Depths:4 | Killed from afar by a rime drake

Illustrated notes

Levels and vault maps discovered:
D:1:      psy_arrival_whirlpool, layout_rooms, minmay_3d_cube
D:2:      layout_loops_cross
D:3:      layout_loops_ring, mainiacjoe_overflow_alcove_4,
          mainiacjoe_overflow_surrounded_room, chequers_ecumenical_altar_simple,
          amethyst_killhole, nicolae_concentric_dashed_squares_mild,
          chequers_serial_rivers_micro_e, uniq_robin
D:4:      layout_rooms, okawaru_metal_pillars_1_2,
          gammafunk_temple_overflow_wave, gammafunk_ghost_grave
D:5:      layout_basic, mainiacjoe_overflow_alcove_1,
          mainiacjoe_overflow_concentric_impassable,
          minmay_temple_entry_statues_pillars, gammafunk_ghost_nasty_kobolds
D:6:      layout_basic, serial_shops, shop, nicolae_shop_overgrown_old_shop,
          nicolae_shop_behind_doors, shop, uniq_edmund, uniq_maggie
D:7:      gammafunk_wand_slinger, layout_loops_ring,
          mainiacjoe_overflow_brackets, overflow_temple_1_default,
          nzn_ghost_randoct, kennysheep_cross_bottleneck
D:8:      layout_gridville, mainiacjoe_overflow_paths,
          gammafunk_ghost_wrathful_warriors, minmay_curled_crystal, uniq_psyche
D:9:      layout_roguey, feat_on_display
D:10:     layout_layer_cave, nemelex_diamond_rough_becter, tgw_sif, david_orc_4,
          kennysheep_generic_room_15
D:11:     layout_rooms, lair_entry_dummy, serial_shops, kennysheep_mini,
          uniq_sonja
D:12:     layout_layer_cave, serial_rivers, chequers_serial_rivers_room_b,
          chequers_serial_rivers_marsh, chequers_serial_rivers_micro_b,
          chequers_serial_rivers_room_a, chequers_serial_rivers_small_b,
          chequers_serial_rivers_micro_b, grunt_decor_cap
D:13:     layout_long_grid, uniq_jorgrun
D:14:     layout_gridville, david_vaults_1, ebering_ghost_reflecting_pool,
          chequers_serial_rivers_large_b, minmay_joined_circles, uniq_nessos,
          uniq_azrael
D:15:     grunt_enter_depths_magical_seal, layout_basic, gauntlet_entry_generic,
          serial_shops, shop
Lair:1:   layout_big_grid
Lair:2:   layout_regular_city, skrybe_swamp_entry_bodies, spider_nest_entry_a,
          dreamdust_mushroom_princess
Lair:3:   layout_misc_corridors
Lair:4:   onia_ninara_swampy_vault, layout_cave_pods,
          portal_ice_cave_demonic_guard, grunt_megastairs_4,
          infiniplex_staircase_pool_2
Lair:5:   due_jungle_book, layout_loops_ring, nicolae_slime_entry_slimehenge,
          st_stairs_10, grunt_megastairs_1, infiniplex_staircase_pool,
          uniq_kirke
Swamp:1:  layout_basic_swamp, evilmike_swamp_ruin_rubble_2
Swamp:2:  layout_basic_swamp, nicolae_swamp_ascending_descending
Swamp:3:  nicolae_swamp_husk_halls, layout_basic_swamp, serial_swamp_ruin,
          evilmike_swamp_ruin_rubble_1, hangedman_swamp_ruin_wall, swamp_pool3
Swamp:4:  grunt_swamp_rune_castle, layout_basic_swamp, swamp_pool3,
          nicolae_swamp_well_well_well
Spider:1: nicolae_spider_hilbert_zone_4 [nicolae_spider_hilbert_4_sides_2_open,
          nicolae_spider_hilbert_4_sides_1_open,
          nicolae_spider_hilbert_4_sides_1_open,
          nicolae_spider_hilbert_4_sides_1_open,
          nicolae_spider_hilbert_4_sides_1_open,
          nicolae_spider_hilbert_2_sides_1_open,
          nicolae_spider_hilbert_2_sides_1_open,
          nicolae_spider_hilbert_2_sides_1_open,
          nicolae_spider_hilbert_2_sides_1_open,
          nicolae_spider_hilbert_6_sides_1_open,
          nicolae_spider_hilbert_6_sides_1_open,
          nicolae_spider_hilbert_3_sides_1_open,
          nicolae_spider_hilbert_3_sides_1_open]
Spider:2: layout_spider_delve, hive_lemuel, uniq_arachne, uniq_roxanne
Spider:3: layout_spider_delve, gammafunk_ghost_grave, spiders_nest_spider_trap
Spider:4: grunt_spider_rune_circles
Slime:1:  layout_caves
Slime:2:  cheibrodos_slime_lost_civilization_10, layout_caves,
          nicolae_slime_welcoming_committee
Slime:3:  cheibrodos_slime_lost_civilization_8, layout_caves
Slime:4:  layout_caves
Slime:5
Orc:1:    layout_diamond_mine, bloody_makhleb
Orc:2:    st_orc_pillars, layout_caves, basic_altar, uniq_urug
Vaults:1: hellmonk_guarded_unrand_gong, hangedman_vaults_stagger,
          hangedman_vaults_locks, v_misc_19, hangedman_vaults_capsules,
          vaults_mumra_hexcomb, vaults_dpeg_hooks, vaults_dpeg_diagonal,
          nicolae_vaults_little_ls, ontoclasm_vaults_eye, grunt_vaults_swirl,
          nicolae_vaults_theta, nicolae_vaults_hallways_thing,
          layout_vaults_omnibox
Vaults:2: nicolae_vaults_stairing_the_circle, nicolae_vaults_network_square,
          minmay_crypt_entry_simple_box, nicolae_vaults_big_ls,
          hangedman_vaults_slither, nicolae_vaults_yaktaur_gun_rack,
          vaults_room_stairs_pillars, nicolae_vaults_three_branches,
          vaults_dpeg_emergency_exit, layout_vaults_chaotic_city, uniq_xtahua,
          uniq_saint_roka, uniq_asterion
Vaults:3: v_pattern_3, hangedman_vaults_corner_blocks, v_rooms_2, v_misc_1,
          grunt_vaults_bifocal, nicolae_vaults_alarming,
          nicolae_vaults_big_angled_halls, v_misc_22, vaults_mumra_chevron,
          nicolae_vaults_rhombus_6, vaults_room_fours, v_misc_18,
          layout_vaults_omnicross
Vaults:4: nicolae_vaults_sealed_display, nicolae_vaults_asterisk,
          hangedman_vaults_trim, vaults_room_pool, hangedman_vaults_slice,
          ontoclasm_vaults_spin, dpeg_vaults_monster_box, grunt_vaults_funnel,
          vaults_dpeg_ring, layout_vaults_quadrants, serial_shops,
          nicolae_shop_advertising_works [nicolae_subvault_shop_adworks],
          nicolae_shop_crystal, uniq_sojobo
Vaults:5
Depths:1: kennysheep_treasure_stockpile, layout_gridlike, abyss_entry_glasseish,
          hangedman_tar_grid_catacomb, tso_metal_star, minmay_swirly_circle,
          uniq_bai_suzhen
Depths:2: gammafunk_sealed_library, layout_cave_shapes, pf_dread_powers_of_hell,
          minmay_staircase_windowed_large, serial_shops, shop,
          abyss_entry_crystal, pan_entry, grunt_decor_fettered
Depths:3: regret_index_dithmenos_brocken_genspenst, layout_cave_pools,
          abyss_entry, hellmouth_3
Depths:4: evilmike_zot_entry_argh, layout_gridville, enter_ziggurat_e,
          abyss_entry, grunt_hell_entry_dis_grunt, serial_bayou_shore_a,
          uniq_enchantress, uniq_margery, uniq_frederick

Skill      XL: |  1  2  3  4  5  6  7  8  9 10 11 12 13 14 15 16 17 18 19 20 21 22 23 24 |
---------------+-------------------------------------------------------------------------+-----
Fighting       | 4 5 6 7 8 9 11 12 13 14 16 18 21 22 23 24 25 26 27 | 27.0
Axes           | 4 5 7 9 10 12 13 15 16 17 18 19 20 21 23 24 25 27 | 27.0
Armour         | 3 4 5 7 10 12 14 16 18 19 20 21 22 23 24 25 26 | 26.8
Shields        | 2 6 9 11 13 15 16 17 19 20 22 25 26 | 26.3
Dodging        | |  2.1

Action                   |  1- 3 |  4- 6 |  7- 9 | 10-12 | 13-15 | 16-18 | 19-21 | 22-24 || total
-------------------------+-------+-------+-------+-------+-------+-------+-------+-------++-------
Melee: Hand axe          |    71 |   112 |   156 |       |       |       |       |       ||   339
       Headbutt          |    10 |    16 |    52 |   124 |   208 |   321 |   238 |   335 ||  1304
       Punch             |     1 |     1 |     1 |     2 |       |       |       |       ||     5
       War axe           |       |       |   106 |   560 |   710 |       |       |       ||  1376
       Broad axe         |       |       |       |    10 |   148 |  1239 |   882 |  1041 ||  3320
Invok: Berserk           |       |     2 |     3 |    11 |    21 |    16 |    13 |    20 ||    86
       Trog's Hand       |       |       |     2 |     4 |     5 |     2 |     6 |     6 ||    25
       Brothers in Arms  |       |       |       |     3 |     1 |       |     6 |     2 ||    12
  Use: Scroll            |     4 |     9 |    10 |     3 |    14 |     9 |     4 |       ||    53
       Potion            |       |       |       |     4 |       |     2 |     6 |     7 ||    19
 Stab: Sleeping          |       |     1 |       |       |       |       |       |       ||     1
       Confused          |       |       |       |       |       |       |     1 |       ||     1
Armor: Animal skin       |    14 |    16 |       |       |       |       |       |       ||    30
       Ring mail         |       |     8 |    31 |       |       |       |       |       ||    39
       Plate armour      |       |       |    88 |   295 |   483 |   109 |       |       ||   975
       Crystal plate arm |       |       |       |       |       |   663 |   635 |   754 ||  2052
Dodge: Dodged            |    34 |    60 |   120 |   181 |   260 |   241 |    70 |   103 ||  1069
Block: Kite shield       |       |       |       |   170 |   453 |   770 |  1210 |  1564 ||  4167
